 Dungeon Crawl Stone Soup version 0.27-a0-1381-g81fdcbfb23 (webtiles) character file.

Game seed: 10729993340618897432

1668 Kinoniko the Cleaver (level 8, 0/71 HPs)
             Began as a Minotaur Berserker on June 30, 2021.
             Was an Elder of Trog.
             Slain by a gnoll (2 damage)
             ... on level 6 of the Dungeon.
             The game lasted 00:07:00 (6618 turns).

Kinoniko the Cleaver (Minotaur Berserker)           Turns: 6618, Time: 00:07:00

Health: 0/71       AC:  8    Str: 23    XL:     8   Next: 69%
Magic:  16/16      EV:  8    Int:  6    God:    Trog [****..]
Gold:   221        SH:  0    Dex:  9    Spells: 7/7 levels left

rFire    . . .     SeeInvis .   b - +0 war axe
rCold    + . .     Faith    .   (no shield)
rNeg     . . .     Spirit   .   o - +0 chain mail
rPois    .         Reflect  .   (helmet restricted)
rElec    .         Harm     .   (no cloak)
rCorr    .         Rampage  .   (no gloves)
Will     .....                  (no boots)
Stlth    ..........             (no amulet)
HPRegen  0.21/turn              g - ring of magical power
MPRegen  0.15/turn              k - ring of protection from cold

@: on berserk cooldown, slowed, very slow
A: horns 2, retaliatory headbutt
a: Renounce Religion, Berserk, Trog's Hand, Brothers in Arms


You were on level 6 of the Dungeon.
You worshipped Trog.
Trog was greatly pleased with you.
You visited 1 branch of the dungeon, and saw 6 of its levels.
You also visited: Sewer.

You collected 221 gold pieces.

Inventory:

Hand Weapons
 b - a +0 war axe (weapon)
Missiles
 f - a curare-tipped dart
Armour
 n - a +1 ring mail
 o - a +0 chain mail (worn)
Jewellery
 g - a ring of magical power (left hand)
 k - a ring of protection from cold (right hand)
 q - a ring of wizardry
Wands
 j - a wand of flame (22)
Scrolls
 c - 3 scrolls of teleportation
 p - 2 scrolls of magic mapping
 r - a scroll of enchant weapon
Potions
 a - a potion of attraction {unknown}
 d - a potion of cancellation
 e - 3 potions of heal wounds
 h - 3 potions of might
 i - a potion of mutation {unknown}
 l - a potion of invisibility {unknown}
 m - 2 potions of brilliance


   Skills:
 + Level 6.7 Fighting
 * Level 12.2 Axes
 - Level 2.4 Armour
 - Level 2.1 Dodging


You had 7 spell levels left.
You didn't know any spells.
Your spell library was empty.

Dungeon Overview and Level Annotations

Branches:
Dungeon (6/15)             Temple (0/1) D:6           Sewer (visited)

Altars:
Hepliaklqana
Trog
Zin
The Shining One


Innate Abilities, Weirdness & Mutations

You have a pair of horns on your head.
You reflexively headbutt those who attack you in melee.


Message History

You closely miss the gnoll.
You feel sick. The gnoll hits you but does no damage.
The gnoll hits you with a +0 halberd!
* * * LOW HITPOINT WARNING * * *
You slice the gnoll!!
You kill the gnoll!
Trog accepts your kill.
You hit the gnoll.
You feel sick. The gnoll hits you with a +0 halberd.
* * * LOW HITPOINT WARNING * * *
The gnoll hits you but does no damage.
Unknown command.
You barely miss the gnoll.
The gnoll is lightly wounded.
The gnoll hits you with a +0 halberd.
* * * LOW HITPOINT WARNING * * *
You closely miss the gnoll.
The gnoll is lightly wounded.
You feel sick. The gnoll barely misses you.
A hound comes into view.
Your chain mail prevents you from hitting the gnoll.
The gnoll is lightly wounded.
You feel sick.
The hound barks!
The gnoll hits you with a +0 halberd.
* * * LOW HITPOINT WARNING * * *
The gnoll hits you but does no damage.
You closely miss the gnoll.
The gnoll is lightly wounded.
The gnoll hits you with a +0 halberd.
* * * LOW HITPOINT WARNING * * *
You slash the gnoll!
You kill the gnoll!
Trog accepts your kill.
You feel sick.
You are no longer poisoned.
The gnoll hits you from afar with a +0 spear.
* * * LOW HITPOINT WARNING * * *
You are no longer berserk.
You are exhausted.
You feel yourself slow down. The gnoll hits you with a +0 spear.
You die...

....#.........
(#.#.#.#.#....#.........
#...........<..........##
..#.......#............#
(......................##
..#...>...#.............[
.........................
..#.......#....#.........
....h.))@g.....#.........
.#.#.#)#)#....#.........
.......))).....#.........
........#)...............
........#................
....................#####
....................#
......................
....#..................


You could see a hound and a gnoll.

Vanquished Creatures
  Menkaure (D:4)
  An ogre (D:4)
  A phantom (D:6)
  7 kobold brigands
  A bullfrog (D:6)
  A water moccasin zombie (D:5)
  A scorpion (D:4)
  A wyvern skeleton (D:6)
  A howler monkey (D:6)
  A bullfrog zombie (D:5)
  A gnoll shaman (D:6)
  2 hounds (D:5)
  A centaur skeleton (D:5)
  Jessica (D:2)
  2 iguanas
  4 orc wizards
  Robin (D:2)
  12 adders
  3 gnolls (D:6)
  3 river rats (Sewer)
  4 worms
  4 dart slugs
  10 orcs
  2 bats
  6 endoplasms
  4 giant cockroaches
  14 goblins
  7 hobgoblins
  7 jackals
  18 kobolds
  5 quokkas
  9 ball pythons
  A frilled lizard (D:2)
  8 rats
145 creatures vanquished.

Notes
Turn   | Place    | Note
-------+----------+-------------------------------------------
     0 | D:1      | Kinoniko the Minotaur Berserker began the quest for the
                  | Orb.
     0 | D:1      | Reached XP level 1. HP: 19/19 MP: 0/0
    41 | D:1      | Reached skill level 4 in Axes
    49 | D:1      | Reached XP level 2. HP: 23/26 MP: 1/1
   333 | D:1      | Found a faded altar of an unknown god.
   340 | D:1      | Reached skill level 5 in Axes
   630 | D:1      | Reached XP level 3. HP: 31/31 MP: 2/2
   951 | D:2      | Reached ** piety under Trog
   972 | D:2      | Noticed Jessica
   977 | D:2      | Killed Jessica
  1035 | D:2      | Reached skill level 6 in Axes
  1035 | D:2      | Reached XP level 4. HP: 39/39 MP: 3/3
  1137 | D:2      | Noticed Robin
  1149 | D:2      | Killed Robin
  1907 | D:3      | Reached XP level 5. HP: 38/45 MP: 4/4
  1909 | D:3      | Reached skill level 7 in Axes
  2053 | D:3      | Reached *** piety under Trog
  2171 | D:3      | Found a glowing golden altar of the Shining One.
  2373 | D:3      | Found a hazy altar of Hepliaklqana.
  2692 | D:4      | Noticed an ogre
  2699 | D:4      | Killed an ogre
  2700 | D:4      | Reached skill level 8 in Axes
  2700 | D:4      | Reached XP level 6. HP: 51/51 MP: 5/5
  2924 | D:4      | You fall into a shaft and drop 1 floor!
  2924 | D:5      | Entered Level 5 of the Dungeon
  3054 | D:5      | Found a glowing drain.
  3067 | Sewer    | Entered a sewer
  3175 | Sewer    | Reached skill level 9 in Axes
  3346 | Sewer    | Reached XP level 7. HP: 41/57 MP: 6/6
  3675 | Sewer    | Reached skill level 10 in Axes
  4680 | D:4      | Reached skill level 5 in Fighting
  4928 | D:4      | Reached **** piety under Trog
  4929 | D:4      | Reached XP level 8. HP: 68/68 MP: 7/7
  5007 | D:4      | Reached skill level 11 in Axes
  5119 | D:4      | Noticed Menkaure
  5126 | D:4      | Killed Menkaure
  6366 | D:5      | Found a glowing silver altar of Zin.
  6397 | D:5      | Found a bloodstained altar of Trog.
  6528 | D:6      | Reached skill level 12 in Axes
  6594 | D:6      | Found a staircase to the Ecumenical Temple.
  6617 | D:6      | HP: 5/106 [poisoned by a kobold]
  6617 | D:6      | HP: 2/106 [gnoll (3)]
  6618 | D:6      | Slain by a gnoll

Illustrated notes

Levels and vault maps discovered:
D:1:      psy_arrival_heroes, layout_basic, basic_ecumenical_altar
D:2:      layout_basic, st_stairs_6, uniq_robin, uniq_jessica
D:3:      layout_loops_cross, nicolae_tso_carved_into_rock, lemuel_round_altar,
          hangedman_decor_growths
D:4:      kennysheep_spiral_hall, layout_basic, uniq_menkaure
D:5:      layout_basic, amethyst_overflow_temple_binary, portal_sewer_entry_d,
          chequers_arboretum
D:6:      layout_basic, minmay_temple_entry_glass,
          nicolae_shop_overcharged_wands

Skill      XL: |  1  2  3  4  5  6  7  8 |
---------------+-------------------------+-----
Axes           | 4 5 6 8 9 10 12 | 12.2
Fighting       | 5 6 |  6.7
Armour         | |  2.4
Dodging        | |  2.1

Action                   |  1- 3 |  4- 6 |  7- 9 || total
-------------------------+-------+-------+-------++-------
Melee: Hand axe          |    60 |    63 |       ||   123
       Headbutt          |     7 |    17 |    25 ||    49
       War axe           |       |    56 |   182 ||   238
Invok: Berserk           |     2 |     6 |     6 ||    14
  Use: Scroll            |       |     4 |     5 ||     9
 Stab: Sleeping          |       |     2 |       ||     2
Armor: Animal skin       |     7 |     9 |       ||    16
       Ring mail         |       |    16 |    24 ||    40
       Chain mail        |       |       |    34 ||    34
Dodge: Dodged            |    37 |    73 |    70 ||   180

Table legend: (Time is in decaauts)
 A = Elapsed time spent in this place.
 B = Non-inter-level travel time spent in this place.
 C = Inter-level travel time spent in this place.
 D = Time resting spent in this place.
 E = Time spent auto-exploring this place.
 F = Levels seen in this place.
 G = Mean time per level.
                   A        B        C        D        E       F      G
               +--------+--------+--------+--------+--------+-----+--------+
         Total |   6900 |   6696 |    204 |   1341 |   4541 |   7 |  985.7 |
       Dungeon |   5252 |   5048 |    204 |    622 |   3863 |   6 |  875.3 |
         Sewer |   1648 |   1648 |      0 |    718 |    678 |   1 | 1648.0 |
               +--------+--------+--------+--------+--------+-----+--------+

Top non-repeatable levels by time:
   Sewer: 1648 daAuts
     D:4: 1340 daAuts
     D:5: 998 daAuts
     D:1: 970 daAuts
     D:2: 942 daAuts
     D:3: 809 daAuts
     D:6: 192 daAuts
